 Dungeon Crawl Stone Soup version 0.21-a0-509-gecc5317 (webtiles) character file.

289 tof the Slasher (level 6, -4/48 HPs)
             Began as a Demonspawn Monk on Nov 30, 2017.
             Was a Believer of Makhleb.
             Slain by a hobgoblin (5 damage)
             ... led by Robin
             ... on level 4 of the Dungeon.
             The game lasted 00:05:46 (3861 turns).

tof the Slasher (Demonspawn Monk)                   Turns: 3861, Time: 00:05:47

Health: -4/48      AC:  5    Str: 12    XL:     6   Next: 9%
Magic:  6/6        EV: 12    Int: 11    God:    Makhleb [**....]
Gold:   145        SH:  0    Dex: 17    Spells: 5/5 levels left

rFire    . . .     SeeInvis .   m - +1 short sword (drain)
rCold    . . .     Gourm    .   (no shield)
rNeg     . . .     Faith    .   g - +0 ring mail
rPois    .         Spirit   .   (helmet restricted)
rElec    .         Reflect  .   (no cloak)
rCorr    .         Harm     .   (no gloves)
MR       .....                  (no boots)
Stlth    ++........             (no amulet)
HPRegen  0.16/turn              (no ring)
MPRegen  0.10/turn              (no ring)

@: no status effects
A: horns 1, nightstalker 1, rot immunity
a: Minor Destruction, Renounce Religion


You were on level 4 of the Dungeon.
You worshipped Makhleb.
Makhleb was pleased with you.
You were hungry.

You visited 1 branch of the dungeon, and saw 4 of its levels.

You collected 145 gold pieces.

Inventory:

Hand Weapons
 a - a +0 falchion
 m - a +1 short sword of draining (weapon)
 r - a cursed -2 hunting sling
Missiles
 y - 3 tomahawks of returning (quivered)
Armour
 g - a +0 ring mail (worn)
Jewellery
 z - an uncursed ring of stealth {unknown}
Scrolls
 f - a scroll of enchant weapon {unknown}
 i - a scroll of fear {unknown}
 k - 2 scrolls of teleportation {unknown}
 n - a scroll of random uselessness {unknown}
 p - a scroll of magic mapping {unknown}
 q - 4 scrolls of identify {unknown}
 s - a scroll of amnesia {unknown}
Potions
 b - 2 potions of degeneration {unknown}
 d - a potion of heal wounds {unknown}
 e - 3 potions of lignification {unknown}
 h - a potion of invisibility {unknown}
 j - a potion of flight {unknown}
 l - a potion of curing {unknown}
 o - 2 potions of agility {unknown}
 u - a potion of mutation {unknown}
 v - 2 potions of haste {unknown}
 x - a potion of might {unknown}
Comestibles
 c - 4 bread rations
 t - 3 fruits


   Skills:
 + Level 4.0 Fighting
 * Level 4.5 Long Blades
 + Level 2.1 Armour
 + Level 3.6 Dodging
 - Level 1.7 Stealth
 + Level 0.2 Invocations


You had 5 spell levels left.
You didn't know any spells.

Dungeon Overview and Level Annotations

Branches:
Dungeon (4/15)
 Temple: D:4-7

Altars:
Makhleb
Qazlal
Vehumet

Annotations:
D:4 Blork the orc, Robin


Innate Abilities, Weirdness & Mutations

You have a pair of small horns on your head.
You are slightly more attuned to the shadows.
You are immune to rotting.


Message History

The goblins go into a battle-frenzy!
You hit the goblin.
You kill the goblin!
Makhleb accepts your kill.
You feel better.
The goblin no longer looks unusually strong.
The goblin hits you with a flail.
* * * LOW HITPOINT WARNING * * *
The hobgoblin barely misses you.
You hit the goblin. You headbutt the goblin.
You kill the goblin!
Makhleb accepts your kill.
The goblin no longer looks unusually strong.
The hobgoblin no longer looks unusually strong.
The goblin hits you but does no damage. The hobgoblin hits you.
* * * LOW HITPOINT WARNING * * *
Robin hits you but does no damage.
The goblin no longer looks unusually strong.
The hobgoblin hits you.
You die...

. ..# # #o# #g# ## #g#
#.##g# ####+### #.#g#
#......# ## #g)##
#..#...# #.# ##@g#
#..#...#
#.###..####......######
#.#.###...............
#.## #.##......######
#.####.##..#...#
#......##......#
##########....## ######


You could see Blork the orc, Robin, 2 hobgoblins and 3 goblins.

Vanquished Creatures
  A slave (D:3)
  A hound (D:3)
  Jessica (D:2)
  Terence (D:2)
  A worker ant (D:3)
  5 adders
  3 gnolls (D:3)
  An ooze (D:1)
  3 dart slugs
  5 leopard geckos
  10 orcs (D:3)
  7 bats
  4 giant cockroaches
  9 hobgoblins
  3 jackals
  8 kobolds
  3 quokkas
  A ball python (D:3)
  2 frilled lizards
  12 goblins
  5 rats
86 creatures vanquished.

Notes
Turn   | Place    | Note
-------+----------+-------------------------------------------
     0 | D:1      | tof the Demonspawn Monk began the quest for the Orb.
     0 | D:1      | Reached XP level 1. HP: 18/18 MP: 1/1
   282 | D:1      | Gained mutation: You have a pair of small horns on your head. [demonic ancestry]
   282 | D:1      | Reached XP level 2. HP: 22/24 MP: 2/2
   860 | D:2      | Noticed Terence
   871 | D:2      | Killed Terence
   871 | D:2      | Reached skill level 1 in Armour
   871 | D:2      | Gained mutation: You are immune to rotting. [demonic ancestry]
   871 | D:2      | Reached XP level 3. HP: 21/29 MP: 3/3
  1103 | D:2      | Reached XP level 4. HP: 20/35 MP: 4/4
  1540 | D:2      | Noticed Jessica
  1545 | D:2      | Killed Jessica
  2011 | D:3      | Reached XP level 5. HP: 31/42 MP: 5/5
  2640 | D:3      | Found a glowing drain.
  3005 | D:3      | Found a stormy altar of Qazlal.
  3006 | D:3      | Found a radiant altar of Vehumet.
  3249 | D:3      | Found a burning altar of Makhleb.
  3259 | D:3      | Became a worshipper of Makhleb the Destroyer
  3259 | D:3      | Reached * piety under Makhleb
  3259 | D:3      | Reached ** piety under Makhleb
  3563 | D:4      | Gained mutation: You are slightly more attuned to the shadows. [demonic ancestry]
  3563 | D:4      | Reached XP level 6. HP: 47/48 MP: 6/6
  3591 | D:4      | Noticed a slave
  3592 | D:4      | Noticed a slave
  3593 | D:4      | Noticed a slave
  3690 | D:3      | Killed a slave
  3840 | D:4      | Noticed Robin
  3858 | D:4      | Noticed Blork the orc
  3860 | D:4      | HP: 1/48 [hobgoblin[Robin] (3)]
  3861 | D:4      | Slain by a hobgoblin

Vault maps used:
D:1:      elethiomel_arrival_maze
D:2:      uniq_jessica, uniq_terence
D:3:      lightli_temple_of_fire, gammafunk_temple_overflow_pools,
          portal_sewer_entry_d, first_bread, kennysheep_boxes
D:4:      uniq_robin, uniq_blork_the_orc, uniq_pikel, uniq_sigmund, uniq_edmund

Skill      XL: |  1  2  3  4  5 |
---------------+----------------+-----
Long Blades    | 3 4 |  4.5
Armour         | 1 2 |  2.1
Dodging        | 3 |  3.6
Fighting       | 4 |  4.0
Stealth        | |  1.7
Invocations    | |  0.2

Action                   |  1- 3 |  4- 6 || total
-------------------------+-------+-------++-------
Melee: Falchion          |    88 |       ||    88
       Headbutt          |    12 |    31 ||    43
       Short sword       |       |   192 ||   192
 Stab: Sleeping          |     2 |     2 ||     4
  Eat: Chunk             |     1 |     8 ||     9
Armor: Ring mail         |    33 |    65 ||    98
       Robe              |     1 |       ||     1
Dodge: Dodged            |    66 |   156 ||   222
       Rpst.: Falchion   |    21 |       ||    21

Table legend:
 A = Spawn XP
 B = Non-spawn XP
 C = Spawn XP percentage of total XP
 D = Spawn monster count
 E = Non-spawn monster count
 F = Spawn count percentage of total count
 G = Total turns spent on level
                    A         B        C        D         E        F      G
               +---------+---------+-------+---------+---------+-------+---------
         Total |       0 |     414 |   0.0 |       0 |      85 |   0.0 |  3861
               +---------+---------+-------+---------+---------+-------+---------
           D:1 |       0 |      41 |   0.0 |       0 |      18 |   0.0 |   946
           D:2 |       0 |     125 |   0.0 |       0 |      22 |   0.0 |  1003
           D:3 |       0 |     211 |   0.0 |       0 |      37 |   0.0 |  1700
           D:4 |       0 |      37 |   0.0 |       0 |       8 |   0.0 |   212
               +---------+---------+-------+---------+---------+-------+---------
